 Dungeon Crawl Stone Soup version 0.28-b1-25-g9875b3fc8c (webtiles) character file.

Game seed: 2549774728472684468

75107 dorian the Severer (level 15, -4/95 HPs)
             Began as a Gargoyle Fighter on Feb 7, 2022.
             Was a Priest of the Shining One.
             Slain by a titanic slime creature (64 damage)
             ... on level 12 of the Dungeon.
             The game lasted 00:46:50 (30290 turns).

dorian the Severer (Gargoyle Fighter)              Turns: 30290, Time: 00:46:50

Health: -4/95      AC: 40    Str: 23    XL:     15   Next: 49%
Magic:  21/21      EV:  7    Int: 11    God:    the Shining One [***...]
Gold:   283        SH:  0    Dex: 11    Spells: 14/14 levels left

rFire   . . .      SeeInvis .   b - +2 executioner's axe (venom)
rCold   . . .      Faith    .   (shield currently unavailable)
rNeg    + + .      Spirit   .   h - +0 plate armour
rPois   ∞          Reflect  .   l - +0 helmet
rElec   +          Harm     .   E - +1 cloak
rCorr   +          Rampage  .   J - +0 pair of gloves
Will    +....                   S - +2 pair of boots
Stlth   ..........              x - amulet of regeneration
HPRegen 1.05/turn               H - +4 ring of protection
MPRegen 0.17/turn               I - ring of resist corrosion

@: flying, glowing, studying Polearms
A: sickness immunity, AC +11, big wings, negative energy resistance 1,
electricity resistance, torment resistance 1, petrification resistance
a: Renounce Religion, Divine Shield, Cleansing Flame


You were on level 12 of the Dungeon.
You worshipped the Shining One.
The Shining One was most pleased with you.
You visited 2 branches of the dungeon, and saw 18 of its levels.

You collected 1158 gold pieces.
You spent 875 gold pieces at shops.

Inventory:

Hand Weapons
 a - a +1 war axe of flaming
 b - a +2 executioner's axe of venom (weapon)
 B - the +5 trident of the Foremost Nights {holy, rPois rC++ Dex+2}
   (You found it on level 7 of the Dungeon)

   It has been blessed by the Shining One to cause great damage to the undead
   and demons.
   Dex:       It affects your dexterity (+2).
   rC:        It greatly protects you from cold.
   rPois:     It protects you from poison.
 K - the +7 trident of Unpleasantness {vorpal, Fragile rElec rN++ rCorr}
   (You found it on level 6 of the Lair of Beasts)

   It inflicts extra damage upon your enemies.
   rElec:     It insulates you from electricity.
   rN:        It greatly protects you from negative energy.
   rCorr:     It protects you from acid and corrosion.
   Fragile:   It will be destroyed if unequipped.
 Q - a +1 battleaxe of venom
Missiles
 e - a throwing net
 n - 12 javelins (quivered)
Armour
 h - a +0 plate armour (worn)
 l - a +0 helmet (worn)
 y - a +0 leather armour of fire resistance
 E - a +1 cloak (worn)
 J - a +0 pair of gloves (worn)
 R - a +1 buckler of fire resistance
 S - a +2 pair of boots (worn)
Jewellery
 c - a ring of protection from fire
 s - the ring of Jyfazeub {Fire rN+++ Str-5 SInv}
   (You found it on level 4 of the Dungeon)

   [ring of fire]

   It enhances your fire magic.
   Str:       It affects your strength (-5).
   rF:        It protects you from fire.
   rC:        It makes you vulnerable to cold.
   rN:        It renders you almost immune to negative energy.
   SInv:      It lets you see invisible.
 x - an amulet of regeneration (around neck)
 z - a ring of see invisible
 H - a +4 ring of protection (left hand)
 I - a ring of resist corrosion (right hand)
 L - a ring of positive energy
 O - a ring of protection from fire
Wands
 d - a wand of flame (60)
 D - a wand of acid (2)
 G - a wand of iceblast (1)
Scrolls
 g - 3 scrolls of teleportation
 i - 4 scrolls of enchant weapon
 t - 2 scrolls of immolation
 u - a scroll of torment
 v - 4 scrolls of amnesia
 w - 3 scrolls of fog
 A - a scroll of enchant armour
 F - a scroll of blinking
Potions
 f - a potion of might
 j - 2 potions of magic
 k - 4 potions of heal wounds
 m - 9 potions of curing
 o - 2 potions of lignification
 p - 9 potions of mutation
 q - 4 potions of flight
 r - 4 potions of brilliance
 C - 2 potions of resistance
 M - 2 potions of cancellation {unknown}
 N - a potion of haste
 P - a potion of ambrosia


   Skills:
 + Level 11.2 Fighting
 * Level 19.1 Axes
 + Level 13.1 Armour
 - Level 3.2 Shields
 - Level 9.2 Invocations


You had 14 spell levels left.
You didn't know any spells.
Your spell library contained the following spells:

 Spells                   Type           Power      Damage    Failure   Level
 Beastly Appendage        Tmut           0%         N/A       98%         1
 Magic Dart               Conj           0%         1d3       98%         1
 Blink                    Tloc           0%         N/A       99%         2
 Corpse Rot               Necr/Air       0%         N/A       99%         2
 Ensorcelled Hibernation  Hex/Ice        0%         N/A       99%         2
 Poisonous Vapours        Pois/Air       0%         N/A       99%         2
 Searing Ray              Conj           0%         2d4       99%         2
 Wereblood                Tmut           0%         N/A       99%         2
 Call Canine Familiar     Summ           0%         N/A       100%        3
 Gell's Gravitas          Tloc           0%         N/A       100%        3
 Lesser Beckoning         Tloc           0%         N/A       100%        3
 Portal Projectile        Hex/Tloc       0%         N/A       100%        3
 Spider Form              Tmut/Pois      0%         N/A       100%        3
 Summon Guardian Golem    Hex/Summ       0%         N/A       100%        3
 Teleport Other           Tloc           0%         N/A       100%        3
 Anguish                  Hex/Necr       0%         N/A       100%        4
 Animate Armour           Summ/Erth      0%         N/A       100%        4
 Fulminant Prism          Conj/Hex       0%         3d6       100%        4
 Iskenderun's Mystic Bla  Conj/Tloc      0%         2d3       100%        4
 Leda's Liquefaction      Hex/Erth       0%         N/A       100%        4
 Summon Ice Beast         Ice/Summ       0%         N/A       100%        4
 Summon Lightning Spire   Summ/Air       0%         N/A       100%        4
 Blade Hands              Tmut           0%         N/A       100%        5
 Borgnjor's Vile Clutch   Necr/Erth      0%         N/A       100%        5
 Lee's Rapid Deconstruct  Erth           0%         3d5*      100%        5
 Summon Mana Viper        Hex/Summ       0%         N/A       100%        5
 Iron Shot                Conj/Erth      0%         9d1       100%        6
 Monstrous Menagerie      Summ           0%         N/A       100%        7
 Orb of Destruction       Conj           0%         9d5       100%        7
 Spellforged Servitor     Conj/Summ      0%         N/A       100%        7
 Storm Form               Tmut/Air       0%         N/A       100%        7
 Maxwell's Capacitive Co  Air            0%         ∞         100%        8


Dungeon Overview and Level Annotations

Branches:
Dungeon (12/15)            Temple (0/1) D:7            Lair (6/6) D:10
 Shoals (0/4) Lair:2        Snake (0/4) Lair:4        Slime (0/5) Lair:6
    Orc (0/2) D:12

Altars:
Ashenzari
Kikubaaqudgha
Ru
Sif Muna
Trog
Zin
The Shining One
Beogh
Jiyva

Shops:
D:1 !   D:7 =


Innate Abilities, Weirdness & Mutations

You are immune to sickness and miasma.
Your stone body is resilient. (AC +11)
You are immune to poison.
Your large and strong wings let you fly.
You resist negative energy. (rN+)
You are resistant to electric shocks. (rElec)
You are resistant to unholy torment.
You are immune to petrification.


Message History

The cyclops throws a large rock.
The large rock hits you but does no damage.
A slime creature comes into view.
The slime creature quivers.
Two slime creatures merge to form an enormous slime creature.
The slime creature moves out of view.
Unknown command.
You slice the cyclops!!
The cyclops looks as sick as possible!
The cyclops is moderately wounded.
The cyclops hits you.
You carve the cyclops like a ham!!!
You kill the cyclops!
An enormous slime creature splits.
You slice the slime creature!!
The slime creature looks as sick as possible!
The slime creature is heavily wounded.
The slime creature hits you.
You slice the slime creature!!
The slime creature is almost dead.
Two slime creatures merge to form a very large slime creature.
Two slime creatures merge to form a titanic slime creature.
You completely miss the titanic slime creature.
The titanic slime creature is lightly wounded.
The titanic slime creature hits you but does no damage.
You slice the titanic slime creature!!
The titanic slime creature is moderately wounded.
The titanic slime creature barely misses you.
You slash the titanic slime creature!
The titanic slime creature is moderately wounded.
You hit the titanic slime creature.
The titanic slime creature is moderately wounded.
The titanic slime creature hits you but does no damage.
You slash the titanic slime creature!
The titanic slime creature is moderately wounded.
The titanic slime creature hits you!!!
You slash the titanic slime creature!
The titanic slime creature is heavily wounded.
The titanic slime creature hits you!!!
Ouch! That really hurt!
You die...

###+++ ## ##≈≈. . ≈##
##≈≈♣...♣≈≈## #
##≈≈♣.♣.♣.♣≈≈## #
##≈≈♣...♣...♣≈≈## #
##≈≈♣.♣.♣.♣.♣.♣≈≈#
####≈≈♣...♣.8.♣...♣
.##≈≈♣.♣.♣.♣.♣.♣@♣.♣
..#≈♣...♣...♣...♣J..♣
#.'..♣.♣.♣.♣.♣.♣.♣.♣..+
#.'...♣)8.♣.8.♣.8.♣.. +
#.'..♣.♣.♣.♣.♣.♣.♣.♣..
.##≈♣...♣...♣...♣[..♣≈#
.##≈≈♣.♣.♣.♣.♣.♣.♣.♣≈≈#
..##≈≈♣...♣.8.♣...♣≈ #
...##≈≈♣.♣.♣.♣.♣.♣≈


You could see a titanic slime creature (very poisoned).

Vanquished Creatures
  Rupert (Lair:3)
  7 hydras
  A boulder beetle (Lair:2)
  A catoblepas (Lair:5)
  A merfolk avatar (Lair:6)
  3 two-headed ogres
  28 death yaks
  Urug (Lair:6)
  2 sea snakes (Lair:6)
  3 harpies (Lair:6)
  3 manticores (Lair:6)
  2 cyclopes
  17 elephants
  Joseph (D:9)
  2 black mambas
  20 cane toads
  A kobold demonologist (D:12)
  Maggie (D:7)
  A yaktaur (D:11)
  An unseen horror (D:11)
  9 rime drakes
  6 komodo dragons
  2 trolls
  2 polar bears (Lair:4)
  Prince Ribbit (D:7)
  A wind drake (Lair:6)
  3 hornets
  A meliai zombie (D:11)
  7 dream sheep (Lair:5)
  Grinder (D:3)
  29 blink frogs
  56 yaks
  A spriggan (Lair:4)
  5 wyverns
  A steam dragon (Lair:3)
  2 vampire mosquitoes (D:12)
  3 basilisks
  16 water moccasins
  2 ice beasts
  3 black bears
  3 necrophages
  6 orc warriors
  12 centaurs
  15 wolves
  2 phantoms
  2 kobold brigands
  8 bullfrogs
  A gnoll sergeant (D:6)
  3 scorpions
  2 wyvern zombies
  23 killer bees
  5 centaur zombies
  A bullfrog skeleton (D:5)
  3 hounds (Lair:2)
  A jelly (D:5)
  A gnoll shaman (D:5)
  7 orc priests
  7 orc wizards
  15 hell rats
  3 howler monkey zombies
  12 gnolls
  9 adders
  2 white imps (D:7)
  4 worms
  4 dart slugs
  34 orcs
  9 ball pythons
  5 endoplasms
  2 giant cockroaches
  5 goblins
  7 hobgoblins
  6 quokkas
  10 bats
  3 frilled lizards
  21 kobolds
  9 rats
510 creatures vanquished.

Vanquished Creatures (others)
  5 bushes (Lair:2)
  77 fungi
  126 plants
208 creatures vanquished.

Grand Total: 718 creatures vanquished

Notes
Turn   | Place    | Note
-------+----------+-------------------------------------------
     0 | D:1      | dorian the Gargoyle Fighter began the quest for the Orb.
     0 | D:1      | Reached XP level 1. HP: 14/14 MP: 1/1
    29 | D:1      | Reached skill level 2 in Axes
    40 | D:1      | Reached XP level 2. HP: 14/19 MP: 2/2
   695 | D:1      | Reached skill level 3 in Axes
   763 | D:1      | Reached XP level 3. HP: 23/23 MP: 3/3
   768 | D:1      | Found Agiz's Distillery.
  1956 | D:2      | Reached XP level 4. HP: 28/28 MP: 4/4
  2537 | D:2      | Reached skill level 4 in Axes
  2778 | D:1      | Bought a potion of heal wounds for 65 gold pieces
  3065 | D:3      | Noticed Grinder
  3076 | D:3      | Killed Grinder
  3077 | D:3      | Reached skill level 5 in Axes
  3077 | D:3      | Reached XP level 5. HP: 13/32 MP: 5/5
  3077 | D:3      | Reached XP level 6. HP: 15/37 MP: 6/6
  3316 | D:3      | Reached skill level 6 in Axes
  3763 | D:4      | Reached XP level 7. HP: 41/41 MP: 7/7
  4006 | D:4      | Reached skill level 7 in Axes
  5529 | D:4      | Identified the ring of Jyfazeub {Fire rN+++ Str-5 SInv}
  5561 | D:4      | Reached XP level 8. HP: 46/48 MP: 8/8
  5732 | D:5      | Entered Level 5 of the Dungeon
  6173 | D:5      | Reached skill level 5 in Fighting
  6173 | D:5      | Reached skill level 5 in Armour
  6579 | D:5      | Reached skill level 8 in Axes
  6752 | D:5      | Found a bloodstained altar of Trog.
  6954 | D:6      | Identified the +1 robe of Okawaru's Wrath {rElec MP-9 Str+4
                  | Int+2}
  6955 | D:6      | Found a shimmering blue altar of Sif Muna.
  6956 | D:6      | Found an ancient bone altar of Kikubaaqudgha.
  6965 | D:6      | Found a broken altar of Ashenzari.
  7398 | D:6      | Found a sacrificial altar of Ru.
  7400 | D:6      | Found a glowing golden altar of the Shining One.
  7812 | D:7      | Noticed Prince Ribbit
  7817 | D:7      | Killed Prince Ribbit
  7818 | D:7      | Reached XP level 9. HP: 50/55 MP: 9/9
  8082 | D:7      | Found Nackeninn's Jewellery Boutique.
  8126 | D:7      | Noticed a troll
  8232 | D:7      | HP: 1/55 [troll (6)]
  8535 | D:6      | Became a worshipper of the Shining One
  8550 | D:7      | Killed a troll
  8827 | D:7      | Found a staircase to the Ecumenical Temple.
  8953 | D:7      | Identified the +5 trident of the Foremost Nights {holy,
                  | rPois rC++ Dex+2}
  9056 | D:7      | Noticed Maggie
  9062 | D:7      | Killed Maggie
  9072 | D:7      | Reached skill level 9 in Axes
  9592 | D:8      | Noticed a hornet
  9614 | D:8      | Killed a hornet
  9914 | D:8      | Noticed a hornet
  9933 | D:8      | Killed a hornet
 10282 | D:8      | Reached XP level 10. HP: 64/64 MP: 10/10
 10781 | D:9      | Noticed a two-headed ogre
 10801 | D:9      | Killed a two-headed ogre
 11218 | D:9      | Reached skill level 10 in Axes
 11918 | D:9      | Reached * piety under the Shining One
 11939 | D:9      | Noticed Joseph
 12042 | D:9      | Killed Joseph
 12330 | D:10     | Entered Level 10 of the Dungeon
 12330 | D:10     | Noticed a death yak
 12489 | D:10     | Noticed a death yak
 12490 | D:10     | Found a staircase to the Lair.
 12490 | D:10     | Noticed a death yak
 13055 | D:10     | Reached skill level 1 in Invocations
 13275 | D:10     | Reached XP level 11. HP: 33/72 MP: 12/12
 13734 | D:9      | Killed a death yak
 13991 | D:10     | Reached skill level 10 in Armour
 14392 | D:11     | Reached skill level 10 in Fighting
 15221 | D:11     | Reached skill level 11 in Axes
 15269 | D:11     | Reached ** piety under the Shining One
 15466 | D:11     | Noticed a cyclops
 15475 | D:11     | Killed a cyclops
 15476 | D:11     | Reached skill level 5 in Invocations
 15937 | D:11     | Found Zin's Purification Station.
 15940 | D:11     | Found a glowing silver altar of Zin.
 15945 | D:11     | Bought a potion of curing for 90 gold pieces
 15970 | D:11     | Noticed a two-headed ogre
 15988 | D:11     | Killed a two-headed ogre
 16429 | D:12     | Found a staircase to the Orcish Mines.
 16627 | Lair:1   | Entered Level 1 of the Lair of Beasts
 16745 | Lair:1   | Reached XP level 12. HP: 62/80 MP: 16/16
 18137 | Lair:2   | Noticed a seven-headed hydra
 18192 | Lair:2   | Killed a seven-headed hydra
 18517 | Lair:2   | Reached skill level 12 in Axes
 19161 | Lair:2   | Found a staircase to the Shoals.
 20005 | Lair:3   | Noticed a death yak
 20006 | Lair:3   | Noticed a death yak
 20006 | Lair:3   | Noticed a death yak
 20008 | Lair:3   | Noticed a death yak
 20035 | Lair:2   | Killed a death yak
 20289 | Lair:3   | Noticed a boulder beetle
 20598 | Lair:2   | Killed a boulder beetle
 20901 | Lair:2   | Killed a death yak
 20924 | Lair:3   | Noticed a six-headed hydra
 20934 | Lair:3   | Killed a six-headed hydra
 20935 | Lair:3   | Reached skill level 13 in Axes
 20935 | Lair:3   | Reached XP level 13. HP: 49/84 MP: 16/19
 22911 | Lair:4   | Reached *** piety under the Shining One
 23304 | Lair:4   | Noticed Rupert
 23511 | Lair:4   | Found a staircase to the Snake Pit.
 23661 | Lair:4   | Was placed under penance by the Shining One
 23672 | Lair:3   | Killed Rupert
 23851 | Lair:4   | Reached skill level 14 in Axes
 24688 | Lair:4   | Reached skill level 15 in Axes
 25083 | Lair:4   | Gained mutation: Your large and strong wings let you fly.
                  | [Gargoyle growth]
 25083 | Lair:4   | Reached XP level 14. HP: 72/90 MP: 20/20
 25484 | Lair:4   | Reached skill level 16 in Axes
 26908 | Lair:5   | Was forgiven by the Shining One
 27350 | Lair:5   | Reached skill level 17 in Axes
 27889 | Lair:6   | Entered Level 6 of the Lair of Beasts
 28579 | D:7      | Bought an amulet of regeneration for 480 gold pieces
 28579 | D:7      | Bought a ring of see invisible for 240 gold pieces
 28813 | Lair:6   | Reached skill level 18 in Axes
 28859 | Lair:6   | Reached XP level 15. HP: 92/94 MP: 21/21
 28983 | Lair:6   | Found a viscous altar of Jiyva.
 28983 | Lair:6   | Found a staircase to the Slime Pits.
 29106 | Lair:6   | Identified the +7 trident of Unpleasantness {vorpal,
                  | Fragile rElec rN++ rCorr}
 29130 | Lair:6   | Got Juveja Ypuu's Disquisition on Earth and Displacement
 29167 | Lair:6   | Noticed Urug
 29180 | Lair:6   | Killed Urug
 29374 | Lair:6   | Reached skill level 19 in Axes
 30290 | D:12     | Slain by a titanic slime creature

Illustrated notes

Levels and vault maps discovered:
D:1:      wander_arrival_chamber, layout_basic, serial_shops, shop_statue,
          lexackson_kobold_supper
D:2:      layout_basic
D:3:      layout_rooms, kennysheep_generic_room_16, uniq_grinder
D:4:      layout_basic, minmay_misc_feat_rugged
D:5:      layout_loops_ring, trog_butcher_becter, nicolae_figureground_sparkle
D:6:      layout_basic, nicolae_overflow_hidden_temple
D:7:      layout_loops_corners, temple_green, serial_shops,
          nicolae_shop_temple_entry_statues_fountains, minmay_misc_feat_doors,
          kennysheep_another_room, uniq_maggie, uniq_prince_ribbit1
D:8:      layout_gridville
D:9:      layout_basic, uniq_joseph
D:10:     layout_basic, dpeg_lair_monsters
D:11:     layout_stronghold, zin_purify
D:12:     layout_loops_corners, minmay_orc_entry_temple_small, chequers_jeans,
          minivault_19, kennysheep_cluttered_room, kb_lookout_dungeons_type,
          elves_outpost_lemuel, uniq_kirke
Lair:1:   layout_layer_cave, minmay_holes, serial_bayou_shore_b
Lair:2:   beast_lair_carwin_large_1, layout_loops_ring,
          elwin_shoals_entry_rocks, serial_bayou_ford_a,
          grunt_forest_small_clearing_treed
Lair:3:   layout_small_grid, serial_bayou_shore_b, grunt_megastairs_1,
          lemuel_fruit_tree
Lair:4:   layout_regular_city, guppyfry_snake_entry_garden,
          chequers_serial_rivers_micro_d, forest_entry_grove, uniq_rupert
Lair:5:   layout_gridlike
Lair:6:   gammafunk_lair_ancient_temple, layout_layer_cave, slime_altar_1,
          uniq_urug

Skill      XL: |  1  2  3  4  5  6  7  8  9 10 11 12 13 14 15 |
---------------+----------------------------------------------+-----
Axes           | 2 3 5 6 7 8 9 10 11 13 15 18 19 | 19.1
Fighting       | 4 6 8 9 11 | 11.2
Armour         | 4 6 8 9 11 12 13 | 13.1
Invocations    | 2 5 8 9 |  9.2
Shields        | |  3.2

Action                   |  1- 3 |  4- 6 |  7- 9 | 10-12 | 13-15 || total
-------------------------+-------+-------+-------+-------+-------++-------
Melee: War axe           |   118 |    99 |   281 |       |    27 ||   525
       Trident           |       |       |   117 |   859 |   234 ||  1210
       Executioner's axe |       |       |       |       |   525 ||   525
       Punch             |       |       |       |       |     1 ||     1
Throw: Javelin           |       |       |     7 |     9 |       ||    16
Invok: Divine Shield     |       |       |       |     5 |     2 ||     7
Evoke: Wand              |       |       |     7 |     5 |     2 ||    14
  Use: Potion            |       |       |     2 |     3 |     2 ||     7
       Scroll            |       |       |    15 |     7 |     7 ||    29
 Stab: Distracted        |     1 |       |       |       |       ||     1
       Invisible         |       |       |     1 |       |       ||     1
Armor: Scale mail        |    86 |    71 |    33 |       |       ||   190
       Chain mail        |       |       |   216 |       |       ||   216
       Plate armour      |       |       |    42 |   558 |   818 ||  1418
Dodge: Dodged            |    66 |    49 |   130 |   198 |   303 ||   746
Block: Buckler           |    30 |    30 |    65 |   188 |    59 ||   372
